 Dungeon Crawl Stone Soup version 0.27.0-1-g7a089689b8 (webtiles) character file.

Game seed: 15760137933676470236

118 horus123 the Chopper (level 4, 0/37 HPs)
             Began as a Draconian Gladiator on Aug 13, 2021.
             Slain by an orc wizard (1 damage)
             ... on level 5 of the Dungeon.
             The game lasted 00:03:47 (2229 turns).

horus123 the Chopper (Draconian Gladiator)          Turns: 2229, Time: 00:03:48

Health: 0/37       AC:  8    Str: 17    XL:     4   Next: 72%
Magic:  13/13      EV: 13    Int:  9    God:
Gold:   86         SH:  0    Dex: 12    Spells: 3/3 levels left

rFire    . . .     SeeInvis .   a - +0 war axe
rCold    . . .     Faith    .   (no shield)
rNeg     . . .     Spirit   .   (armour unavailable)
rPois    .         Reflect  .   b - +0 hat
rElec    .         Harm     .   j - +1 cloak {Stlth+}
rCorr    .         Rampage  .   i - +0 pair of gloves
Will     .....                  (no boots)
Stlth    +++.......             (no amulet)
HPRegen  0.12/turn              g - ring of magical power
MPRegen  0.13/turn              (no ring)

@: no status effects
A: AC +5, unfitting armour, cold-blooded
a: no special abilities


You were on level 5 of the Dungeon.
You visited 1 branch of the dungeon, and saw 5 of its levels.

You collected 86 gold pieces.

Inventory:

Hand Weapons
 a - a +0 war axe (weapon)
 f - a +0 whip of electrocution
Missiles
 c - 3 throwing nets (quivered)
Armour
 b - a +0 hat (worn)
 i - a +0 pair of gloves (worn)
 j - a +1 cloak of stealth (worn)
Magical Staves
 h - a staff of earth
Jewellery
 g - a ring of magical power (left hand)
Potions
 d - a potion of might
 e - a potion of magic {unknown}
 k - a potion of attraction {unknown}
 l - a potion of curing {unknown}
 m - a potion of brilliance {unknown}


   Skills:
 + Level 2.7 Fighting
 + Level 4.4 Axes
 + Level 1.8 Throwing
 + Level 3.4 Dodging
 + Level 1.0 Stealth


You had 3 spell levels left.
You didn't know any spells.
Your spell library was empty.

Dungeon Overview and Level Annotations

Branches:
Dungeon (6/15)
 Temple: D:4-7

Altars:


Innate Abilities, Weirdness & Mutations

Your plain brown scales are hard. (AC +5)
You cannot fit into any form of body armour.
You are cold-blooded and may be slowed by cold attacks.


Message History

The orc wizard closely misses you. The orc barely misses you.
The orc hits you with a +0 club. The orc hits you with a +0 morningstar.
The orc wizard hits you but does no damage.
The orc barely misses you.
You barely miss the orc wizard.
The orc wizard is lightly wounded.
You hit the orc but do no damage. You slash the orc!
You kill the orc!
You hit the orc. The orc misses you.
The orc wizard hits you with a +0 dagger.
* * * LOW HITPOINT WARNING * * *
The orc misses you. x2
You slash the orc wizard!
The orc wizard is severely wounded.
You slash the orc!
You kill the orc!
You slash the orc!
You kill the orc!
The orc wizard points at you and mumbles some strange words.
The magic dart hits you.
* * * LOW HITPOINT WARNING * * *
You hit the orc wizard.
The orc wizard is severely wounded.
The orc wizard hits you but does no damage. x2
You hit the orc wizard.
The orc wizard is almost dead.
The orc wizard casts a spell.
The orc wizard flickers and vanishes!
Deactivating autopickup; reactivate with Ctrl-A.
You miss something. Something hits you.
* * * LOW HITPOINT WARNING * * *
You miss something.
Your tail-slap misses something.
Something hits you but does no damage.
You closely miss something. Something hits you.
* * * LOW HITPOINT WARNING * * *
Something hits you but does no damage.
You completely miss something. Something hits you.
* * * LOW HITPOINT WARNING * * *
You miss something.
Your tail-slap misses something.
Something hits you.
You die...

#......... +........
##+##.......
###.........# . .
#..>........##### ....
#...............##...#
#....##..).....>....#
#.......†....)).....#
............)@{.....#
.......###########...#
.....## ...$# .....
.... .... ... .... o..
...


There were no monsters in sight!

Vanquished Creatures
  A hound skeleton (D:2)
  4 adders
  A dart slug (D:3)
  5 orcs
  2 bats
  8 endoplasms
  A giant cockroach (D:1)
  9 goblins
  A hobgoblin (D:2)
  6 jackals
  2 kobolds (D:2)
  7 ball pythons
  4 frilled lizards
  7 rats
58 creatures vanquished.

Notes
Turn   | Place    | Note
-------+----------+-------------------------------------------
     0 | D:1      | horus123 the Draconian Gladiator began the quest for the
                  | Orb.
     0 | D:1      | Reached XP level 1. HP: 17/17 MP: 1/1
   378 | D:1      | Reached XP level 2. HP: 25/25 MP: 2/2
   948 | D:2      | Reached XP level 3. HP: 30/30 MP: 3/3
  1230 | D:2      | Reached skill level 4 in Axes
  1413 | D:2      | Reached XP level 4. HP: 34/37 MP: 4/4
  2179 | D:3      | You fall into a shaft and drop 3 floors!
  2180 | D:6      | Noticed a scorpion
  2185 | D:5      | Entered Level 5 of the Dungeon
  2211 | D:5      | Reached skill level 1 in Stealth
  2228 | D:5      | HP: 1/37 [something (3)]
  2229 | D:5      | Slain by an orc wizard

Illustrated notes

Levels and vault maps discovered:
D:1:      dpeg_arrival_oval, layout_rooms
D:2:      layout_basic, minmay_misc_feat_more_columns, serial_bayou_pond_b
D:3:      layout_rooms, minitemple, serial_shops, shop
D:5:      layout_basic, makhleb_heckhound_becter, nicolae_vehumet_radiance,
          minmay_temple_entry_wispy
D:6:      layout_rooms, enter_ossuary_3, uniq_menkaure, uniq_edmund,
          uniq_eustachio

Skill      XL: |  1  2  3  4 |
---------------+-------------+-----
Dodging        | 3 |  3.4
Axes           | 4 |  4.4
Stealth        | 1 |  1.0
Fighting       | |  2.7
Throwing       | |  1.8

Action                   |  1- 3 |  4- 6 || total
-------------------------+-------+-------++-------
Melee: War axe           |   105 |    48 ||   153
       Tailslap          |     7 |     3 ||    10
  Use: Scroll            |     2 |     3 ||     5
 Stab: Sleeping          |     1 |     2 ||     3
Armor: Skin              |    48 |    26 ||    74
Dodge: Dodged            |    76 |    38 ||   114
